 Dungeon Crawl Stone Soup version 0.30-a0-377-g5cb311bc9f (webtiles) character file.

Game seed: 7703854532242051852

317 avis the Shooter (level 6, -2/51 HPs)
             Began as a Demigod Hunter on Dec 1, 2022.
             Killed from afar by Ijyb (3 damage)
             ... with a puff of flame
             ... on level 4 of the Dungeon.
             The game lasted 00:20:08 (2364 turns).

avis the Shooter (Demigod Hunter)                   Turns: 2364, Time: 00:20:11

Health: -2/51      AC:  4    Str: 12    XL:     6   Next: 0%
Magic:  8/8        EV: 12    Int: 11    God:
Gold:   111        SH:  0    Dex: 25    Spells: 5/5 levels left

rFire   . . .      SeeInvis .    a - +0 shortbow
rCold   + . .      Faith    .    (shield currently unavailable)
rNeg    . . .      Spirit   .    c - +0 leather armour
rPois   .          Reflect  .    (no helmet)
rElec   .          Harm     .    m - scarf {+Inv}
rCorr   .          Rampage  .    (no gloves)
Will    .....                    o - +0 pair of boots
Stlth   ++........               p - amulet of the acrobat
HPRegen 0.28/turn                h - ring of protection from cold
MPRegen 0.11/turn                (no ring)

@: no status effects
A: high MP 1, forlorn, divine attributes
a: Evoke Invisibility


You were on level 4 of the Dungeon.
You visited 1 branch of the dungeon, and saw 4 of its levels.

You collected 111 gold pieces.

Inventory:

Hand Weapons
 a - a +0 shortbow (weapon)
 b - a +1 short sword of freezing
 y - a +2 whip of electrocution
Missiles
 l - 6 boomerangs
 n - 2 poisoned darts
Armour
 c - a +0 leather armour (worn)
 m - a scarf of invisibility (worn)
 o - a +0 pair of boots (worn)
 t - a +0 scale mail of willpower
Jewellery
 h - a ring of protection from cold (left hand)
 p - an amulet of the acrobat (around neck)
Scrolls
 d - 2 scrolls of enchant armour {unknown}
 e - a scroll of blinking {unknown}
 f - 4 scrolls of immolation
 i - a scroll of vulnerability {unknown}
 j - 4 scrolls of identify {unknown}
 r - a scroll of noise {unknown}
 u - 2 scrolls of teleportation {unknown}
 x - a scroll of butterflies {unknown}
Potions
 k - 4 potions of attraction
 q - a potion of flight {unknown}
 s - a potion of mutation {unknown}
 v - a potion of heal wounds {unknown}
 w - a potion of invisibility {unknown}


   Skills:
 - Level 3.0 Fighting
 * Level 5.6 Ranged Weapons
 - Level 2.0 Dodging
 - Level 2.0 Stealth
 - Level 2.0 Evocations


You had 5 spell levels left.
You didn't know any spells.
Your spell library contained the following spells:

 Spells                   Type           Power      Damage    Failure   Level
 Dazzling Flash           Conj/Hex       0%         N/A       80%         3
 Iskenderun's Mystic Bla  Conj/Tloc      0%         2d3       99%         4
 Agony                    Necr           0%         N/A       100%        5
 Silence                  Hex/Air        0%         N/A       100%        5
 Starburst                Conj/Fire      0%         6d3       100%        6


Dungeon Overview and Level Annotations

Branches:
Dungeon (4/15)
 Temple: D:4-7

Shops:
D:2 *![*

Annotations:
D:2 1 runed translucent door, exclusion: door
D:4 Ijyb


Innate Abilities, Weirdness & Mutations

You have an increased reservoir of magic. (+10% MP)
You shall have no god before yourself.
Your divine heritage dramatically boosts your attributes as you level up.


Message History

Ijyb completely misses you.
You closely miss Ijyb.
Ijyb is moderately wounded.
Ijyb hits you with a +0 club.
* * * LOW HITPOINT WARNING * * *
Your +1 short sword of freezing stops glowing.
a - a +0 shortbow (weapon)
Fire: a) +0 shortbow
Press: ? - help, Q - select action, (/) - cycle Shift-Dir - straight line, f - Ijyb
Aim: Ijyb, wielding a +0 club, wearing a +0 chain mail and carrying a wand of flame (22) (moderately wounded, 67% to hit)
You shoot an arrow. The arrow hits Ijyb.
Ijyb is heavily wounded.
Ijyb barely misses you.
Fire: a) +0 shortbow
Press: ? - help, Q - select action, (/) - cycle Shift-Dir - straight line, f/p - Ijyb
Aim: Ijyb, wielding a +0 club, wearing a +0 chain mail and carrying a wand of flame (22) (heavily wounded, 67% to hit)
You shoot an arrow. The arrow hits Ijyb.
Ijyb is severely wounded.
Ijyb zaps a wand.
The puff of flame hits you.
* * * LOW HITPOINT WARNING * * *
Ijyb closely misses you.
Okay, then.
Fire: a) +0 shortbow
Press: ? - help, Q - select action, (/) - cycle Shift-Dir - straight line, f/p - Ijyb
Aim: Ijyb, wielding a +0 club, wearing a +0 chain mail and carrying a wand of flame (21) (severely wounded, 67% to hit)
You shoot an arrow. The arrow closely misses Ijyb.
Ijyb barely misses you.
Fire: a) +0 shortbow
Press: ? - help, Q - select action, (/) - cycle Shift-Dir - straight line, f/p - Ijyb
Aim: Ijyb, wielding a +0 club, wearing a +0 chain mail and carrying a wand of flame (21) (severely wounded, 67% to hit)
You shoot an arrow. The arrow hits Ijyb but does no damage.
Ijyb is severely wounded.
Ijyb hits you with a +0 club.
* * * LOW HITPOINT WARNING * * *
Fire: a) +0 shortbow
Press: ? - help, Q - select action, (/) - cycle Shift-Dir - straight line, f/p - Ijyb
Aim: Ijyb, wielding a +0 club, wearing a +0 chain mail and carrying a wand of flame (21) (severely wounded, 67% to hit)
You shoot an arrow. The arrow closely misses Ijyb.
Ijyb zaps a wand.
The puff of flame hits you.
You die...

###
#<#
#.#
#.#
#.#
#@#
#g#
#.#
#..
....
!...#
####..
.## .#


You could see Ijyb.

Vanquished Creatures
  Sigmund (D:2)
  A scorpion (D:4)
  4 adders
  A worm (D:3)
  2 dart slugs
  4 orcs
  6 endoplasms
  6 giant cockroaches
  A goblin (D:1)
  5 hobgoblins
  6 kobolds
  2 quokkas
  6 ball pythons
  4 bats
  5 frilled lizards
  6 rats
60 creatures vanquished.

Notes
Turn   | Place    | Note
-------+----------+-------------------------------------------
     0 | D:1      | avis the Demigod Hunter began the quest for the Orb.
     0 | D:1      | Reached XP level 1. HP: 17/17 MP: 3/3
   105 | D:1      | Reached skill level 4 in Ranged Weapons
   143 | D:1      | Reached XP level 2. HP: 15/24 MP: 4/4
   598 | D:2      | Found Zauv's Distillery.
   938 | D:2      | Noticed Sigmund
   950 | D:2      | Killed Sigmund
   951 | D:2      | Reached skill level 5 in Ranged Weapons
   951 | D:2      | Reached XP level 3. HP: 24/30 MP: 5/5
   951 | D:2      | Reached XP level 4. HP: 30/37 MP: 6/6
   951 | D:2      | Reached XP level 5. HP: 34/42 MP: 7/7
   985 | D:2      | Found Xisaveymn's Assorted Antiques.
  1242 | D:2      | Found Puegeyhu's General Store.
  1277 | D:2      | Found Tiriffoq's Antique Armour Boutique.
  1371 | D:2      | Found a runed translucent door.
  1371 | D:2      | Found the +6 shillelagh "Devastator" {shatter}
  2342 | D:4      | Noticed Ijyb
  2356 | D:4      | Reached XP level 6. HP: 13/51 MP: 8/8
  2363 | D:4      | HP: 1/51 [Ijyb/+0 club (3)]
  2364 | D:4      | Killed from afar by Ijyb

Illustrated notes

Levels and vault maps discovered:
D:1:      roderic_dead_forest, layout_basic
D:2:      layout_loops_ring, ebering_ecumenical_altar_petrified, serial_shops,
          nicolae_shop_hallway_plus, shop,
          nicolae_shop_competitors_out_of_business, shop, uniq_sigmund,
          uniq_crazy_yiuf_cottage
D:3:      layout_basic, gammafunk_temple_overflow_forgotten
D:4:      layout_basic, uniq_ijyb, uniq_blork_the_orc

Skill      XL: |  1  2  3  4  5 |
---------------+----------------+-----
Ranged Weapons | 4 5 |  5.6
Fighting       | 2 3 |  3.0
Stealth        | 2 |  2.0
Dodging        | 2 |  2.0
Evocations     | 2 |  2.0

Action                   |  1- 3 |  4- 6 || total
-------------------------+-------+-------++-------
Melee: Short sword       |    14 |    24 ||    38
 Fire: Shortbow          |    63 |    87 ||   150
  Use: Potion            |     2 |     1 ||     3
Armor: Leather armour    |    10 |    14 ||    24
Dodge: Dodged            |    18 |    39 ||    57

Table legend: (Time is in decaauts)
 A = Elapsed time spent in this place.
 B = Non-inter-level travel time spent in this place.
 C = Inter-level travel time spent in this place.
 D = Time resting spent in this place.
 E = Time spent auto-exploring this place.
 F = Levels seen in this place.
 G = Mean time per level.
                   A        B        C        D        E       F      G
               +--------+--------+--------+--------+--------+-----+--------+
         Total |   2404 |   2152 |    252 |    427 |   1069 |   4 |  601.0 |
       Dungeon |   2404 |   2152 |    252 |    427 |   1069 |   4 |  601.0 |
               +--------+--------+--------+--------+--------+-----+--------+

Top non-repeatable levels by time:
     D:2: 861 daAuts
     D:3: 842 daAuts
     D:1: 661 daAuts
     D:4: 39 daAuts
